 Dungeon Crawl Stone Soup version 0.26-a0-651-gb41185065b (console) character file.

Game seed: 15351900333696978004

95246 om the Severer (level 15, -6/135 HPs)
             Began as a Deep Dwarf Fighter on Sept 28, 2020.
             Was the Champion of Makhleb.
             Mangled by a salamander
             ... wielding a +1 spear
              (10 damage)
             ... on level 1 of the Snake Pit on Sept 29, 2020.
             The game lasted 01:02:51 (22196 turns).

om the Severer (Deep Dwarf Fighter)                Turns: 22196, Time: 01:02:52

Health: -6/135     AC: 31    Str: 29    XL:     15   Next: 65%
Magic:  11/11      EV: 16    Int: 21    God:    Makhleb [******]
Gold:   2310       SH: 19    Dex: 14    Spells: 14/14 levels left

rFire    + + +     SeeInvis .   a - +4 broad axe (elec)
rCold    x . .     Faith    .   c - +0 kite shield
rNeg     + . .     Spirit   .   I - +3 chain mail of the Harvest {Int+7}
rPois    +         Reflect  +   d - +5 helmet of the Unbroken {rF+ MR+}
rElec    .         Harm     .   G - +2 cloak
rCorr    .         Rampage  .   w - +0 pair of gloves
MR       +++..                  o - +2 pair of boots "Emymof" {*Contam Str+6 Int+4}
Stlth    ..........             p - amulet of reflection
HPRegen  0.00/turn              s - ring of flight
MPRegen  0.12/turn              E - ring "Iniarous" {Fire rPois}

@: non-regenerating, studying Crossbows
A: damage resistance, heal wounds, fire resistance 1, negative energy resistance
1, sense surroundings 2, no regeneration
a: Heal Wounds, Minor Destruction, Lesser Servant of Makhleb, Major Destruction,
Greater Servant of Makhleb, Renounce Religion, Evoke Flight


You were on level 1 of the Snake Pit.
You worshipped Makhleb.
Makhleb was exalted by your worship.
You visited 5 branches of the dungeon, and saw 25 of its levels.
You also visited: Bailey.

You collected 2837 gold pieces.
You spent 527 gold pieces at shops.

Inventory:

Hand Weapons
 a - a +4 broad axe of electrocution (weapon)
 b - a +0 hand crossbow
 K - a +0 trident
Missiles
 r - 241 bolts
Armour
 c - a +0 kite shield (worn)
 d - the +5 helmet of the Unbroken (worn) {rF+ MR+}
   (You found it on level 12 of the Dungeon)

   It protects you from fire.
   It affects your resistance to hostile enchantments.
 o - the +2 pair of boots "Emymof" (worn) {*Contam Str+6 Int+4}
   (You found it in a bailey)

   It affects your strength (+6).
   It affects your intelligence (+4).
   It causes magical contamination when unequipped.
 w - a +0 pair of gloves (worn)
 G - a +2 cloak (worn)
 I - the +3 chain mail of the Harvest (worn) {Int+7}
   (You bought it in a shop on level 4 of the Dungeon)

   It affects your intelligence (+7).
Jewellery
 g - an uncursed ring of stealth
 j - a +6 ring of intelligence
 p - an amulet of reflection (around neck)
 s - a ring of flight (left hand)
 E - the ring "Iniarous" (right hand) {Fire rPois}
   (You found it on level 13 of the Dungeon)

   [ring of fire]

   It enhances your fire magic.
   It protects you from fire.
   It makes you vulnerable to cold.
   It protects you from poison.
 H - the amulet "Xoapt" {rElec rF+ rC++ Regen+ Dex-5}
   (You took it off a skeletal warrior on level 13 of the Dungeon)

   [amulet of regeneration]

   It affects your dexterity (-5).
   It protects you from fire.
   It greatly protects you from cold.
   It insulates you from electricity.
   It increases your rate of regeneration.
Wands
 u - a wand of paralysis (16)
 z - a wand of disintegration (26)
 B - a wand of acid (8)
 F - a wand of digging (17)
 J - a wand of flame (95)
 Q - a wand of iceblast (5)
Scrolls
 e - 4 scrolls of blinking
 h - 2 scrolls of enchant weapon
 i - 4 scrolls of magic mapping
 l - 7 scrolls of amnesia
 t - 2 scrolls of fog
 v - 4 scrolls of enchant armour
 x - a scroll of summoning
 y - a scroll of vulnerability
 A - 11 scrolls of remove curse
 D - 6 scrolls of teleportation
 L - 4 scrolls of identify
 N - a scroll of acquirement
 S - a scroll of torment
Potions
 f - 9 potions of curing
 k - 4 potions of brilliance
 n - 4 potions of flight
 q - 2 potions of magic
 M - 2 potions of haste
 O - a potion of cancellation
 T - a potion of ambrosia
Books
 P - a manual of Crossbows
Miscellaneous
 m - a lightning rod (4/4)


   Skills:
 - Level 9.0 Fighting
 + Level 16.2 Axes
 * Level 9.4 Crossbows
 + Level 12.9 Armour
 + Level 12.9 Dodging
 - Level 12.6 Shields
 - Level 6.0 Invocations
 - Level 5.0 Evocations


You had 14 spell levels left.
You didn't know any spells.
Your spell library contained the following spells:

 Spells                   Type           Power        Failure   Level
 Animate Skeleton         Necr           #.....       65%         1
 Corona                   Hex            #......      65%         1
 Pain                     Necr           #...         65%         1
 Ensorcelled Hibernation  Hex/Ice        #.....       78%         2
 Confusing Touch          Hex            #.......     95%         3
 Dazzling Flash           Conj/Hex       #.....       95%         3
 Gell's Gravitas          Tloc           #.........   95%         3
 Tukima's Dance           Hex            #.......     95%         3
 Vampiric Draining        Necr           #.........   95%         3
 Animate Dead             Necr           #.........   100%        4
 Petrify                  Tmut/Erth      #.......     100%        4
 Agony                    Necr           #.......     100%        5
 Metabolic Englaciation   Hex/Ice        #.........   100%        5
 Yara's Violent Unravell  Hex/Tmut       #.........   100%        5


Dungeon Overview and Level Annotations

Branches:
Dungeon (15/15)            Temple (1/1) D:6            Lair (6/6) D:10
  Swamp (0/4) Lair:3        Snake (1/4) Lair:4        Slime (0/5) Lair:6
    Orc (2/2) D:12            Elf (0/3) Orc:2        Vaults (0/5) D:14
 Depths (0/5) D:15         Bailey (visited)

Altars:
Ashenzari
Cheibriados
Dithmenos
Elyvilon
Fedhas
Gozag
Hepliaklqana
Kikubaaqudgha
Makhleb
Nemelex Xobeh
Okawaru
Qazlal
Ru
Sif Muna
Trog
Uskayaw
Vehumet
Wu Jian
Xom
Yredelemnul
Zin
The Shining One
Beogh
Jiyva

Shops:
D:4 [   D:7 [   D:14 **   Orc:1 *   Orc:2 (!([

Annotations:
D:9 1 runed translucent door
D:14 3 runed translucent doors, Qymaymp's ghost, adept GrEE


Innate Abilities, Weirdness & Mutations

You are resistant to damage.
You can heal yourself by infusing magical energy.
You resist negative energy. (rN+)
You passively map the area around you.
You do not regenerate.
Your flesh is heat resistant. (rF+)


Message History

The shock serpent shoots out a bolt of lightning at you!
The bolt of electricity hits you.
The bolt of electricity hits you but does no damage.
The bolt of electricity hits the shock serpent.
The shock serpent completely resists.
The salamander hits you with a +1 spear!
* * * LOW HITPOINT WARNING * * *
You are engulfed in flames.
You resist.
The shock serpent shoots out a bolt of lightning at you!
The bolt of electricity hits you!!
* * * LOW HITPOINT WARNING * * *
The bolt of electricity misses you.
The bolt of electricity hits the shock serpent.
The shock serpent completely resists.
As you read the scroll of fear, it crumbles to dust.
You assume a fearsome visage.
The salamander resists with some effort.
The shock serpent looks frightened!
The salamander hits you with a +1 spear!
You die...

##.....#........# ,
###.....##.........
,
##....#..#..##......
#.......##.........
,,
#.......#......##..
,,,
#..................
,,
#..................,
,,
#.##...............,
#,##...............,
,
*#.#...............#
,
.....S.@#.#......#.
,,
......N#.##.....## ,
, .........#........
, , ..........
....... ...........
..... , , *#......
.... ,, ,* #.#..##
....., , ** #....
......, ,* * , , ,,
* *, *,, , , , * , ,
,,, ,


You could see a salamander and a shock serpent (fleeing).

Vanquished Creatures
  Rupert (D:15)
  Frances (D:12)
  An ettin (Orc:2)
  Erolcha (Orc:1)
  A rakshasa (D:14)
  2 ice dragons (D:15)
  4 catoblepae
  6 hydras
  4 centaur warriors
  The ghost of R007833r the Grappler, a novice TrBe of Trog (D:9)
  7 two-headed ogres
  An ogre mage (D:14)
  16 death yaks
  The ghost of felt the Magician, a novice GnWn of Okawaru (D:8)
  2 orc high priests (Orc:2)
  A deep elf knight (D:13)
  2 skeletal warriors (D:13)
  An unseen horror (D:14)
  5 orc knights
  A necromancer (Lair:4)
  A deep elf mage (D:15)
  3 orc sorcerers
  5 cyclopes
  4 manticores
  5 ugly things
  A centaur zombie (D:14)
  Maurice (D:10)
  3 black mambas
  11 cane toads
  A rime drake (Lair:6)
  8 komodo dragons
  3 tengu conjurers
  9 trolls
  3 meliai (D:13)
  2 polar bears
  A polar bear (shapeshifter) (D:13)
  2 hornets
  18 blink frogs
  3 slime creatures (D:14)
  11 hippogriffs
  A centaur simulacrum (D:15)
  Sigmund (D:6)
  8 wyverns
  66 yaks
  A shadow (D:11)
  A basilisk (Lair:5)
  2 wraiths (D:13)
  Eustachio (D:6)
  A hog (shapeshifter) (D:15)
  A steam dragon (D:8)
  4 vampire mosquitoes
  2 insubstantial wisps (D:8)
  Edmund (D:4)
  4 wargs
  A soldier ant (D:14)
  3 acid dragons
  4 nagas (Lair:4)
  9 porcupines
  5 water moccasins
  A porcupine (shapeshifter) (D:15)
  A swamp drake (Lair:3)
  4 ice beasts
  36 orc warriors
  9 sky beasts
  An elephant zombie (Lair:4)
  2 phantoms
  8 ogres
  An eye of draining (D:13)
  A necrophage (D:7)
  19 centaurs
  2 big kobolds
  15 crocodiles
  Blork the orc (D:6)
  18 bullfrogs
  A wyvern zombie (D:14)
  A wyvern skeleton (D:8)
  2 scorpions
  A water moccasin skeleton (D:4)
  4 killer bees
  5 wights (D:10)
  An electric eel (Lair:4)
  6 howler monkeys
  A bullfrog zombie (D:7)
  5 jellies
  8 hounds
  21 orc priests
  5 centaur skeletons
  31 orc wizards
  5 iguanas
  8 worker ants
  2 killer bee zombies
  A crocodile zombie (Lair:4)
  A spectral worker ant (D:8)
  A howler monkey skeleton (D:5)
  20 adders
  3 gnolls (D:7)
  3 shadow imps
  A white imp (D:7)
  2 ufetubi (D:7)
  2 adder skeletons
  A worm (D:5)
  5 dart slugs
  4 leopard geckos
  118 orcs
  2 giant cockroaches
  9 goblins
  7 hobgoblins
  5 jackals
  5 quokkas
  3 bats
  5 frilled lizards
  A jackal zombie (D:7)
  13 kobolds
  A leopard gecko skeleton (D:9)
  A quokka simulacrum (D:8)
  3 rats
713 creatures vanquished.

Vanquished Creatures (collateral kills)
  Saint Roka (Orc:2)
  A cyclops (D:13)
  An orc (Orc:2)
3 creatures vanquished.

Vanquished Creatures (others)
  A hydra (D:13)
  A manticore (D:14)
  An orc wizard (D:4)
  2 kobolds (D:8)
  11 fungi
  25 plants
  A withered plant (D:3)
42 creatures vanquished.

Grand Total: 758 creatures vanquished

Notes
Turn   | Place    | Note
-------+----------+-------------------------------------------
     0 | D:1      | om the Deep Dwarf Fighter began the quest for the Orb.
     0 | D:1      | Reached XP level 1. HP: 20/20 MP: 1/1
   110 | D:1      | Reached XP level 2. HP: 21/27 MP: 2/2
   689 | D:2      | Reached XP level 3. HP: 19/33 MP: 3/3
   826 | D:2      | Reached skill level 3 in Axes
   830 | D:2      | Reached skill level 1 in Dodging
  1273 | D:3      | Reached XP level 4. HP: 42/42 MP: 4/4
  1509 | D:3      | Found an ancient bone altar of Kikubaaqudgha.
  1690 | D:4      | Noticed Edmund
  1713 | D:4      | Killed Edmund
  1713 | D:4      | Reached skill level 4 in Axes
  1713 | D:4      | Reached skill level 5 in Armour
  1713 | D:4      | Reached XP level 5. HP: 20/49 MP: 5/5
  1731 | D:4      | Noticed a phantom
  1742 | D:4      | Killed a phantom
  1742 | D:4      | Reached XP level 6. HP: 45/56 MP: 6/6
  1791 | D:4      | Found a bloodstained altar of Trog.
  1887 | D:4      | Reached skill level 5 in Axes
  1985 | D:4      | Reached XP level 7. HP: 34/62 MP: 7/7
  2009 | D:4      | Found a white marble altar of Elyvilon.
  2074 | D:4      | Found Moukod's Antique Armour Boutique.
  2082 | D:4      | Bought a pair of glowing boots for 135 gold pieces
  2097 | D:4      | Got a glimmering scale mail
  2108 | D:4      | Identified the +0 scale mail "Usaxt" {rF- rN+ Regen+
                  | Stlth+} (You found it on level 4 of the Dungeon)
  2232 | D:4      | Found a shimmering altar of Xom.
  2567 | D:5      | Entered Level 5 of the Dungeon
  2591 | D:5      | Found a glowing silver altar of Zin.
  2859 | D:5      | Reached skill level 6 in Axes
  2859 | D:5      | Reached skill level 5 in Shields
  2981 | D:5      | Found an ornate altar of the Wu Jian Council.
  3717 | D:5      | Found a glowing golden altar of the Shining One.
  3719 | D:5      | Noticed an angel
  3826 | D:5      | Found a basalt altar of Yredelemnul.
  3828 | D:5      | Noticed a profane servitor
  4076 | D:6      | Reached skill level 7 in Axes
  4130 | D:6      | Reached XP level 8. HP: 42/69 MP: 7/7
  4232 | D:6      | Noticed Sigmund
  4258 | D:6      | Killed Sigmund
  4258 | D:6      | Reached skill level 8 in Axes
  4258 | D:6      | Reached skill level 5 in Dodging
  4304 | D:6      | Noticed Blork the orc
  4317 | D:6      | Killed Blork the orc
  4442 | D:6      | Noticed Eustachio
  4471 | D:6      | Reached skill level 9 in Axes
  4501 | D:6      | Killed Eustachio
  4771 | D:6      | Found a stormy altar of Qazlal.
  4773 | D:6      | Noticed an air elemental
  4829 | D:6      | Found a faded altar of an unknown god.
  4831 | D:6      | Found a staircase to the Ecumenical Temple.
  5049 | Temple   | Entered the Ecumenical Temple
  5669 | D:7      | Reached skill level 10 in Axes
  5842 | D:7      | Found Giocaycs's Armour Shoppe.
  5893 | D:7      | Found a sparkling altar of Nemelex Xobeh.
  5899 | D:7      | Gained mutation: You passively map the area around you.
                  | [Deep Dwarf growth]
  5899 | D:7      | Reached XP level 9. HP: 51/75 MP: 7/7
  5985 | D:7      | Reached skill level 11 in Axes
  6226 | D:8      | Reached skill level 12 in Axes
  6271 | D:8      | Found a sacrificial altar of Ru.
  6415 | D:8      | Found a runed translucent gate.
  6415 | D:8      | Noticed a two-headed ogre
  6418 | D:8      | Found a runed translucent gate.
  6422 | D:8      | Killed a two-headed ogre
  6422 | D:8      | Reached skill level 13 in Axes
  6427 | D:8      | Found a runed translucent gate.
  6527 | D:8      | Reached XP level 10. HP: 34/84 MP: 7/7
  6533 | D:8      | Found an opulent altar of Gozag.
  6584 | D:8      | Found a blossoming altar of Fedhas.
  6713 | D:8      | Reached skill level 14 in Axes
  6923 | D:8      | Noticed felt's ghost (novice GnWn)
  7221 | D:4      | Bought a polished chain mail for 171 gold pieces
  7231 | D:4      | Identified the +3 chain mail of the Harvest {Int+7} (You
                  | bought it in a shop on level 4 of the Dungeon)
  7644 | D:9      | Found a burning altar of Makhleb.
  7654 | D:9      | Became a worshipper of Makhleb the Destroyer
  7729 | D:9      | Noticed R007833r's ghost (novice TrBe)
  7732 | D:9      | Found a runed translucent door.
  8335 | D:9      | Found a runed translucent door.
  8335 | D:9      | Noticed a fire dragon
  8335 | D:9      | Noticed a flayed ghost
  8337 | D:9      | Noticed a frost giant
  8337 | D:9      | Noticed an ettin
  8337 | D:9      | Noticed a centaur warrior
  8337 | D:9      | Noticed a deep troll
  8473 | D:10     | Entered Level 10 of the Dungeon
  8473 | D:10     | Found a flagged portal.
  8473 | D:10     | Noticed Maurice
  8484 | D:10     | Killed Maurice
  8490 | Bailey   | Entered a bailey
  8490 | Bailey   | Noticed an orc knight
  8565 | Bailey   | Killed an orc knight
  8565 | Bailey   | Reached * piety under Makhleb
  8659 | Bailey   | Got a pair of twisted boots
  8670 | Bailey   | Identified the +2 pair of boots "Emymof" {*Contam Str+6
                  | Int+4} (You found it in a bailey)
  8760 | D:10     | Found a staircase to the Lair.
  8904 | D:9      | Reached XP level 11. HP: 25/91 MP: 9/9
  9035 | D:9      | Reached skill level 5 in Invocations
  9323 | D:10     | Found a glowing golden altar of the Shining One.
  9367 | D:10     | Reached ** piety under Makhleb
 10212 | D:11     | Reached skill level 5 in Fighting
 10285 | D:11     | Reached *** piety under Makhleb
 10520 | D:12     | Found a glowing golden altar of the Shining One.
 10532 | D:12     | Noticed Frances
 10553 | D:12     | Killed Frances
 10757 | D:12     | Got an ancient helmet
 10768 | D:12     | Identified the +5 helmet of the Unbroken {rF+ MR+} (You
                  | found it on level 12 of the Dungeon)
 11360 | D:12     | Found a staircase to the Orcish Mines.
 11606 | D:13     | Noticed a cyan ugly thing
 11642 | D:13     | Killed a cyan ugly thing
 11717 | D:13     | Reached XP level 12. HP: 57/104 MP: 9/9
 12031 | D:13     | Identified the amulet "Xoapt" {rElec rF+ rC++ Regen+ Dex-5}
 12032 | D:13     | Got a translucent amber ring
 12068 | D:13     | Identified the ring "Iniarous" {Fire rPois} (You found it
                  | on level 13 of the Dungeon)
 12225 | D:13     | Noticed a five-headed hydra
 12228 | D:13     | Noticed a centaur warrior
 12242 | D:13     | Killed a six-headed hydra
 12242 | D:13     | Reached skill level 1 in Evocations
 12265 | D:13     | Killed a centaur warrior
 12277 | D:13     | Reached **** piety under Makhleb
 12614 | D:13     | Noticed a centaur warrior
 12650 | D:13     | Killed a centaur warrior
 12773 | D:13     | Found a hazy altar of Hepliaklqana.
 12842 | D:13     | Noticed a two-headed ogre
 12866 | D:13     | Killed a two-headed ogre
 13315 | D:14     | Found a gate to the Vaults.
 13315 | D:14     | Noticed a two-headed ogre
 13315 | D:14     | Noticed a two-headed ogre
 13315 | D:14     | Noticed a catoblepas
 13316 | D:14     | Noticed an ogre mage
 13328 | D:14     | Killed a two-headed ogre
 13328 | D:14     | Reached skill level 5 in Evocations
 13328 | D:14     | Reached XP level 13. HP: 83/112 MP: 9/9
 13396 | D:14     | Reached skill level 10 in Armour
 13396 | D:14     | Reached skill level 10 in Dodging
 13396 | D:14     | Reached skill level 10 in Shields
 13552 | D:14     | Reached ***** piety under Makhleb
 13967 | D:14     | Found a runed translucent gate.
 13967 | D:14     | Found a runed translucent gate.
 13967 | D:14     | Found a runed translucent gate.
 13968 | D:14     | Found an opulent altar of Gozag.
 13968 | D:14     | Found Peerroot's Assorted Antiques.
 13968 | D:14     | Noticed Qymaymp's ghost (adept GrEE)
 14143 | D:14     | Noticed a dire elephant
 14143 | D:14     | an iron troll changed into a dire elephant
 14364 | D:8      | Killed felt's ghost
 14364 | D:8      | Reached skill level 1 in Crossbows
 14551 | D:9      | Killed R007833r's ghost
 14562 | D:9      | Identified a scroll of acquirement
 14594 | Lair:1   | Entered Level 1 of the Lair of Beasts
 15769 | Lair:2   | Reached skill level 15 in Axes
 15769 | Lair:2   | Gained mutation: You resist negative energy. (rN+) [Deep
                  | Dwarf growth]
 15769 | Lair:2   | Reached XP level 14. HP: 115/126 MP: 10/10
 16139 | Lair:3   | Found a staircase to the Swamp.
 16699 | Lair:4   | Found a staircase to the Snake Pit.
 18276 | Orc:1    | Entered Level 1 of the Orcish Mines
 18297 | Orc:1    | Gained mutation: Your flesh is heat resistant. (rF+) [a
                  | neqoxec]
 18481 | Orc:1    | Reached ****** piety under Makhleb
 18502 | Orc:1    | Noticed Erolcha
 18508 | Orc:1    | Found Hyskeet's Assorted Antiques.
 18514 | Orc:1    | Killed Erolcha
 18529 | Orc:1    | Bought a scroll labeled ICKUXT LULIMM for 32 gold pieces
 18529 | Orc:1    | Bought a glowing silvery potion for 28 gold pieces
 18529 | Orc:1    | Bought a scroll of teleportation for 96 gold pieces
 18668 | Orc:2    | Entered Level 2 of the Orcish Mines
 18708 | Orc:2    | Reached skill level 5 in Crossbows
 18855 | Orc:2    | Found a staircase to the Elven Halls.
 18965 | Orc:2    | Found a roughly hewn altar of Beogh.
 19021 | Orc:2    | Noticed Saint Roka
 19339 | Orc:2    | Found a roughly hewn altar of Beogh.
 19354 | Orc:2    | Found a roughly hewn altar of Beogh.
 19443 | Orc:2    | Found a roughly hewn altar of Beogh.
 19465 | Orc:2    | Found Cushih's Distillery.
 19478 | Orc:2    | Bought a potion of heal wounds for 65 gold pieces
 19533 | Orc:2    | Found a roughly hewn altar of Beogh.
 19542 | Orc:2    | Found Lemaw's Antique Weapon Boutique.
 19689 | Orc:2    | HP: 2/129 [Saint Roka/+2 broad axe of electrocution (13)]
 19692 | Orc:2    | Killed Saint Roka
 19712 | Orc:2    | Found Yczeoss's Antique Weapon Shop.
 19714 | Orc:2    | Found a roughly hewn altar of Beogh.
 19716 | Orc:2    | Found Wyvegutru's Antique Armour Boutique.
 19755 | Orc:2    | Found a roughly hewn altar of Beogh.
 20200 | Lair:6   | Entered Level 6 of the Lair of Beasts
 20258 | Lair:6   | Reached XP level 15. HP: 103/135 MP: 11/11
 20471 | Lair:6   | Found a staircase to the Slime Pits.
 20493 | Lair:6   | Found a viscous altar of Jiyva.
 20918 | Lair:6   | Reached skill level 16 in Axes
 21243 | D:15     | Entered Level 15 of the Dungeon
 21274 | D:15     | Noticed Rupert
 21282 | D:15     | Killed Rupert
 21622 | D:15     | HP: 5/135 [ice dragon/blast of cold (15)]
 21655 | D:15     | Found a staircase to the Depths.
 22164 | Snake:1  | Entered Level 1 of the Snake Pit
 22195 | Snake:1  | HP: 4/135 [shock serpent/bolt of electricity (18)]
 22196 | Snake:1  | Mangled by a salamander

Illustrated notes

Levels and vault maps discovered:
D:1:      wander_arrival_peaceful_grave, layout_basic, minmay_quantized
D:2:      layout_basic, kennysheep_generic_room_3
D:3:      layout_rooms, kiku_gazebo_garden_becter
D:4:      layout_gridville, lightli_temple_of_fire, kennysheep_little_box,
          old_standard_altar, serial_shops, nicolae_shop_crystal, uniq_edmund
D:5:      layout_basic, grunt_temple_overflow_holy_war, marbit_many_paths,
          basic_altar
D:6:      layout_basic, nicolae_qazlal_style_of_elements,
          nicolae_temple_entry_ecumenical, nrook_uturn, grunt_ministairs_2,
          uniq_eustachio, uniq_blork_the_orc, uniq_sigmund
D:7:      layout_gridville, nemelex_xobeh_ov_fountains_minmay, serial_shops,
          kennysheep_mini, minmay_misc_feat_plants, hangedman_minor_gate_pass
D:8:      layout_basic, grunt_gozag_statues, fedhas_altar_3,
          nicolae_overflow_crystal_walls, gammafunk_ghost_necromancy,
          hangedman_misty_isle
D:9:      minmay_gate_of_8, layout_gridville, lemuel_crystal_altar,
          hellmonk_ghost_happy_afterlife, nicolae_wand_duel,
          corexii_leaking_fountain
D:10:     layout_rooms, lair_entry_dummy, enter_bailey_2, basic_altar,
          minivault_5, uniq_maurice
D:11:     layout_irregular_city
D:12:     layout_stronghold, erik_orc_2, basic_altar, uniq_frances
D:13:     minmay_the_grid_triangle_9x9_recursive_3
          [minmay_the_grid_triangle_9x9_intruding_spiral,
          minmay_the_grid_triangle_9x9_flanged_cone,
          minmay_the_grid_triangle_9x9_swiss_cheese,
          minmay_the_grid_triangle_9x9_prize_schism,
          minmay_the_grid_triangle_9x9_odd_lines,
          minmay_the_grid_triangle_9x9_windchime,
          minmay_the_grid_triangle_9x9_stretched_checkered,
          minmay_the_grid_triangle_9x9_sprig,
          minmay_the_grid_triangle_9x9_skeleton], layout_rooms, basic_altar
D:14:     layout_loops_cross, david_vaults_2, ebering_ghost_gozag
D:15:     grunt_enter_depths_hoard, layout_loops_ring, minivault_19, uniq_rupert
Temple:   compressed_dpeg_triangle_lava_temple
Lair:1:   layout_cave_shapes, grunt_megastairs_4
Lair:2:   layout_gridlike
Lair:3:   layout_loops_ring, minmay_swamp_entry_reptiles
Lair:4:   pond_and_an_island_with_a_cottage, layout_gridlike,
          minmay_snake_entry_guardpost_small
Lair:5:   layout_roguey
Lair:6:   evilmike_catoblepas_cave, layout_gridlike, slime_altar_1
Snake:1:  layout_onion_interference, serial_bayou_shore_a
Orc:1:    layout_diamond_mine, serial_shops, shop, uniq_erolcha
Orc:2:    grunt_orc_community_town_hall, layout_caves,
          grunt_orc_community_big_house_2, grunt_orc_community_big_house_2,
          grunt_orc_community_house_3, grunt_orc_community_house_2,
          grunt_orc_community_house_2, grunt_orc_community_house_3,
          lemuel_statue_altar

Skill      XL: |  1  2  3  4  5  6  7  8  9 10 11 12 13 14 15 |
---------------+----------------------------------------------+-----
Axes           | 3 4 5 7 10 13 14 15 16 | 16.2
Fighting       | 3 5 6 8 9 |  9.0
Dodging        | 1 2 3 4 5 7 9 11 12 | 12.9
Armour         | 4 5 8 9 11 12 | 12.9
Shields        | 4 5 8 9 11 12 | 12.6
Invocations    | 4 5 6 |  6.0
Evocations     | 5 |  5.0
Crossbows      | 3 6 9 |  9.4

Action                   |  1- 3 |  4- 6 |  7- 9 | 10-12 | 13-15 || total
-------------------------+-------+-------+-------+-------+-------++-------
Melee: War axe           |   119 |    15 |   169 |  1101 |   448 ||  1852
       Hand axe          |       |   122 |   327 |       |       ||   449
       Spear             |       |       |       |    33 |       ||    33
       Broad axe         |       |       |       |       |   833 ||   833
       Trident           |       |       |       |       |    69 ||    69
 Fire: Hand crossbow     |       |       |       |       |    47 ||    47
Invok: Lesser Servant of |       |       |       |     3 |     2 ||     5
       Greater Servant o |       |       |       |       |     1 ||     1
 Abil: Heal Wounds       |     1 |     3 |     7 |    29 |     4 ||    44
       Evoke Flight      |       |       |       |       |     1 ||     1
Evoke: Wand              |       |       |     2 |    15 |     6 ||    23
  Use: Scroll            |       |     4 |    11 |    12 |    13 ||    40
       Potion            |       |     2 |     4 |     4 |     4 ||    14
 Stab: Paralysed         |       |       |     3 |     6 |       ||     9
       Petrifying        |       |       |       |     4 |       ||     4
       Petrified         |       |       |       |     3 |     4 ||     7
       Distracted        |       |       |       |       |     1 ||     1
       Confused          |       |       |       |       |     1 ||     1
Armor: Scale mail        |    62 |    55 |   153 |    26 |       ||   296
       Chain mail        |       |       |       |   469 |   462 ||   931
       Skin              |       |       |       |     3 |       ||     3
Dodge: Dodged            |    33 |    42 |   174 |   292 |   442 ||   983
Block: Kite shield       |    68 |   113 |   403 |   830 |  1113 ||  2527
       Reflection        |       |     2 |    24 |    22 |    28 ||    76

Table legend: (Time is in decaauts)
 A = Elapsed time spent in this place.
 B = Non-inter-level travel time spent in this place.
 C = Inter-level travel time spent in this place.
 D = Time resting spent in this place.
 E = Time spent auto-exploring this place.
 F = Levels seen in this place.
 G = Mean time per level.
                   A        B        C        D        E       F      G
               +--------+--------+--------+--------+--------+-----+--------+
         Total |  21903 |  19204 |   2699 |    938 |  12049 |  26 |  842.4 |
       Dungeon |  15106 |  12944 |   2162 |    902 |   7729 |  15 | 1007.1 |
        Temple |    282 |    265 |     17 |      0 |    265 |   1 |  282.0 |
          Lair |   4745 |   4329 |    416 |      9 |   3213 |   6 |  790.8 |
     Snake Pit |     28 |     28 |      0 |      0 |     11 |   1 |   28.0 |
  Orcish Mines |   1507 |   1405 |    102 |     21 |    777 |   2 |  753.5 |
        Bailey |    232 |    232 |      0 |      6 |     53 |   1 |  232.0 |
               +--------+--------+--------+--------+--------+-----+--------+

Top non-repeatable levels by time:
    D:13: 1688 daAuts
     D:5: 1602 daAuts
     D:6: 1340 daAuts
     D:9: 1304 daAuts
     D:4: 1202 daAuts
    D:12: 1156 daAuts
   Orc:2: 1053 daAuts
    D:11: 997 daAuts
     D:8: 992 daAuts
  Lair:4: 917 daAuts
    D:14: 886 daAuts
  Lair:1: 873 daAuts
  Lair:6: 870 daAuts
     D:7: 783 daAuts
    D:15: 771 daAuts
